[Event "45th FIDE Womens Olympiad 2024"]
[Site "Budapest"]
[Date "2024.09.19"]
[Round "8.154"]
[White "Miller, Rachel"]
[Black "Kakulidis, Ellen"]
[Result "1-0"]
[ECO "C50"]
[WhiteElo "1912"]
[BlackElo "2048"]
[PlyCount "153"]
[EventDate "2024.09.05"]
[EventType "team-tourn"]
[EventCountry "HUN"]
[WhiteTeam "Jamaica"]
[BlackTeam "Denmark"]
[WhiteTeamCountry "JAM"]
[BlackTeamCountry "DEN"]
[TimeControl "40/5400+30:1800+30"]

1. e4 e5 2. Nf3 Nc6 3. Bc4 Nf6 4. d3 Bc5 5. Nc3 h6 6. Be3 Bxe3 7. fxe3 d6 8. d4 Qe7 9. O-O O-O 10. Nh4 Kh7 11. d5 Nb8 12. Qe1 Ng4 13. Nf5 Bxf5 14. Rxf5 Nd7 15. Qg3 Ngf6 16. Raf1 a5 17. Qh4 Nxd5 18. Qxe7 Nxe7 19. Rxf7 Rxf7 20. Rxf7 Nb6 21. Be6 Re8 22. Nb5 Ng6 23. Nxc7 Re7 24. b3 Rxf7 25. Bxf7 a4 26. Nb5 axb3 27. cxb3 Nc8 28. Bd5 b6 29. Bb7 Nge7 30. b4 Kg8 31. a4 Kf8 32. a5 bxa5 33. bxa5 Ke8 34. a6 Kd7 35. Kf2 Nc6 36. Bxc8+ Kxc8 37. Nxd6+ Kc7 38. Nb5+ Kb6 39. a7 Kb7 40. Kg3 Na5 41. Kg4 g6 42. Kf3 Nc4 43. Ke2 Nb6 44. Kd3 Ka6 45. Nd6 Kxa7 46. Nf7 Nd7 47. Kc4 Nf6 48. Nxe5 Nxe4 49. Nxg6 Kb7 50. Kd5 Nf6+ 51. Kd4 Kc6 52. Ne5+ Kc7 53. e4 h5 54. Ng6 Kd7 55. e5 Ng4 56. h3 Nh6 57. Kd5 Nf5 58. e6+ Ke8 59. Ke4 Ng3+ 60. Kf4 Ne2+ 61. Kg5 Nd4 62. Nf4 Ke7 63. Kxh5 Kf6 64. Kg4 Nf5 65. Kf3 Nh4+ 66. Ke4 Nxg2 67. Nxg2 Kxe6 68. Kf4 Kf6 69. Kg4 Kg6 70. Nf4+ Kh6 71. h4 Kh7 72. Kg5 Kg7 73. Ne6+ Kh7 74. Kh5 Kg8 75. Kg6 Kh8 76. Ng5 Kg8 77. Nf7 1-0

[Event "45th FIDE Womens Olympiad 2024"]
[Site "Budapest"]
[Date "2024.09.19"]
[Round "8.155"]
[White "Jakobsen, Shanne Hedegaard"]
[Black "Brown, Raehanna"]
[Result "1-0"]
[ECO "A50"]
[WhiteElo "2002"]
[BlackElo "1910"]
[PlyCount "53"]
[EventDate "2024.09.05"]
[EventType "team-tourn"]
[EventCountry "HUN"]
[WhiteTeam "Denmark"]
[BlackTeam "Jamaica"]
[WhiteTeamCountry "DEN"]
[BlackTeamCountry "JAM"]
[TimeControl "40/5400+30:1800+30"]

1. d4 Nf6 2. c4 g6 3. Nf3 Bg7 4. g3 b6 5. Bg2 Bb7 6. Nc3 O-O 7. O-O e6 8. Re1 d5 9. cxd5 exd5 10. Bf4 Qe7 11. Nb5 Na6 12. Rc1 Rfc8 13. Bh3 Nd7 14. Nxc7 Nxc7 15. Rxc7 Rxc7 16. Bxc7 f5 17. Bf4 Nf6 18. Bg2 Ne4 19. h4 Qb4 20. Qb3 Qa5 21. Rc1 Ba6 22. e3 Bc4 23. Rxc4 dxc4 24. Qxc4+ Kf8 25. Ng5 Qe1+ 26. Kh2 Nxg5 27. Bd6+ 1-0

[Event "45th FIDE Womens Olympiad 2024"]
[Site "Budapest"]
[Date "2024.09.19"]
[Round "8.156"]
[White "Watson, Gabriella"]
[Black "Durrfeld, Sofie Bech"]
[Result "1-0"]
[ECO "D00"]
[WhiteElo "1826"]
[BlackElo "1937"]
[PlyCount "93"]
[EventDate "2024.09.05"]
[EventType "team-tourn"]
[EventCountry "HUN"]
[WhiteTeam "Jamaica"]
[BlackTeam "Denmark"]
[WhiteTeamCountry "JAM"]
[BlackTeamCountry "DEN"]
[TimeControl "40/5400+30:1800+30"]

1. d4 Nf6 2. Bf4 d5 3. e3 Bf5 4. c4 e6 5. Nc3 Bb4 6. Qb3 c5 7. Nf3 Qa5 8. Be2 Ne4 9. Rc1 cxd4 10. exd4 Nc6 11. O-O Bxc3 12. bxc3 O-O 13. Rfe1 Ne7 14. Qxb7 Ng6 15. Bc7 Qxa2 16. c5 Bg4 17. Qa6 Qxa6 18. Bxa6 Bxf3 19. gxf3 Ng5 20. Re3 f5 21. f4 Ne4 22. f3 Rf7 23. Be5 Nxe5 24. fxe5 f4 25. Re2 Ng5 26. Kg2 Rb8 27. h4 Ne4 28. Ra2 Ng3 29. Rcc2 Nf5 30. Kh3 Ne3 31. Rcb2 Rbf8 32. Rb7 Rf5 33. c6 g5 34. c7 h5 35. Rb8 g4+ 36. Kh2 g3+ 37. Kg1 Nd1 38. Rxf8+ Rxf8 39. c8=Q Rxc8 40. Bxc8 Kf7 41. Rxa7+ Kg6 42. Rc7 Ne3 43. Bxe6 g2 44. Bh3 Kh6 45. Bxg2 Kg6 46. Rc6+ Kf7 47. Bh3 1-0

[Event "45th FIDE Womens Olympiad 2024"]
[Site "Budapest"]
[Date "2024.09.19"]
[Round "8.157"]
[White "February, Jesse Nikki"]
[Black "Stojkovska, Monika"]
[Result "0-1"]
[ECO "B50"]
[WhiteElo "2013"]
[BlackElo "2043"]
[PlyCount "118"]
[EventDate "2024.09.05"]
[EventType "team-tourn"]
[EventCountry "HUN"]
[WhiteTeam "South Africa"]
[BlackTeam "North Macedonia"]
[WhiteTeamCountry "RSA"]
[BlackTeamCountry "MKD"]
[TimeControl "40/5400+30:1800+30"]

1. e4 c5 2. Nf3 d6 3. c3 Nc6 4. Bc4 Nf6 5. d3 g6 6. Qb3 e6 7. Bg5 h6 8. Bh4 Bg7 9. Bb5 O-O 10. Bxc6 bxc6 11. O-O g5 12. Bg3 e5 13. Nbd2 Be6 14. c4 Nh5 15. Rfe1 Rb8 16. Qc2 g4 17. Nh4 Bf6 18. Nf5 Bxf5 19. exf5 Ng7 20. Re4 h5 21. f3 gxf3 22. Nxf3 Nxf5 23. Qf2 Ng7 24. Rf1 Be7 25. Nxe5 dxe5 26. Bxe5 f5 27. Qg3 Bf6 28. Rxf5 Bxe5 29. Rfxe5 Qf6 30. h3 Rxb2 31. Kh2 h4 32. Qg4 Qf2 33. Rg5 Qg3+ 34. Qxg3 hxg3+ 35. Rxg3 Rxa2 36. h4 Raf2 37. h5 Kh7 38. h6 Nh5 39. Rg5 Kxh6 40. Rxc5 R8f6 41. Rh4 R2f5 42. Rxf5 Rxf5 43. g4 Kg5 44. Rh3 Kxg4 45. Re3 Nf4 46. Rg3+ Kh4 47. Rf3 Kg5 48. d4 Ra5 49. Re3 Ra2+ 50. Kg3 Ne2+ 51. Kf3 Nxd4+ 52. Ke4 Nf5 53. Re1 Re2+ 54. Rxe2 Ng3+ 55. Ke5 Nxe2 56. Kd6 a5 57. Kxc6 a4 58. c5 a3 59. Kb7 Nd4 {0-} 0-1

[Event "45th FIDE Womens Olympiad 2024"]
[Site "Budapest"]
[Date "2024.09.19"]
[Round "8.158"]
[White "Manova, Ivana"]
[Black "Badenhorst, Chloe"]
[Result "1/2-1/2"]
[ECO "B11"]
[WhiteElo "2031"]
[BlackElo "1981"]
[PlyCount "100"]
[EventDate "2024.09.05"]
[EventType "team-tourn"]
[EventCountry "HUN"]
[WhiteTeam "North Macedonia"]
[BlackTeam "South Africa"]
[WhiteTeamCountry "MKD"]
[BlackTeamCountry "RSA"]
[TimeControl "40/5400+30:1800+30"]

1. e4 c6 2. Nc3 d5 3. Nf3 Bg4 4. h3 Bxf3 5. Qxf3 Nf6 6. d3 e6 7. g3 Be7 8. Bg2 Nbd7 9. O-O O-O 10. Qe2 dxe4 11. dxe4 e5 12. Be3 Qc7 13. a4 a5 14. Rad1 Rad8 15. Qc4 b6 16. Nd5 Nxd5 17. exd5 c5 18. Rd2 Bd6 19. f4 exf4 20. Bxf4 Ne5 21. Qb5 Ng6 22. Bxd6 Qxd6 23. Qd3 Rde8 24. Be4 Re5 25. Bxg6 hxg6 26. Kg2 Rfe8 27. Qf3 R8e7 28. b3 Re3 29. Qf4 Re2+ 30. Rf2 Qxf4 31. gxf4 R2e3 32. Rf3 R3e4 33. c4 Kf8 34. Kf2 Ke8 35. Kf1 Kd7 36. Kf2 Re8 37. Rdd3 Re2+ 38. Kg3 R8e7 39. f5 gxf5 40. Rxf5 Re1 41. Rdf3 f6 42. h4 Rg1+ 43. Kf2 Rh1 44. R5f4 Rhe1 45. Rg3 Kd6 46. Rfg4 R7e2+ 47. Kf3 Ke5 48. Rxg7 Re3+ 49. Kf2 R3e2+ 50. Kf3 Re3+ 1/2-1/2

[Event "45th FIDE Womens Olympiad 2024"]
[Site "Budapest"]
[Date "2024.09.19"]
[Round "8.159"]
[White "Klaasen, Robyn Julian"]
[Black "Zhezhovska, Monika"]
[Result "0-1"]
[ECO "D00"]
[WhiteElo "1764"]
[BlackElo "2106"]
[PlyCount "76"]
[EventDate "2024.09.05"]
[EventType "team-tourn"]
[EventCountry "HUN"]
[WhiteTeam "South Africa"]
[BlackTeam "North Macedonia"]
[WhiteTeamCountry "RSA"]
[BlackTeamCountry "MKD"]
[TimeControl "40/5400+30:1800+30"]

1. d4 d5 2. Nc3 Nf6 3. Bf4 a6 4. e3 c5 5. dxc5 e6 6. Nf3 Bxc5 7. Bd3 Nc6 8. O-O O-O 9. a3 Re8 10. Be2 h6 11. Ne5 Bd6 12. Nd3 e5 13. Bg3 Bf5 14. Re1 Qd7 15. Nc1 Bf8 16. Nb3 b5 17. Bd3 Rad8 18. Bxf5 Qxf5 19. Qe2 d4 20. e4 Qe6 21. Nd1 d3 22. Qd2 Qc4 23. Nc3 dxc2 24. Qxc2 Nd4 25. Nxd4 exd4 26. Rad1 dxc3 27. bxc3 Rxd1 28. Rxd1 Qxe4 29. Qd2 Bxa3 30. h3 Bc5 31. Rf1 Qe2 32. Qc1 Ne4 33. Qf4 Bd6 34. Qf3 Qxf1+ 35. Kxf1 Nd2+ 36. Kg1 Nxf3+ 37. gxf3 Bxg3 38. fxg3 Re3 {0-} 0-1

[Event "45th FIDE Womens Olympiad 2024"]
[Site "Budapest"]
[Date "2024.09.19"]
[Round "8.160"]
[White "Eftovska, Lea"]
[Black "Nel, Hayley"]
[Result "0-1"]
[ECO "B12"]
[WhiteElo "1839"]
[BlackElo "1753"]
[PlyCount "86"]
[EventDate "2024.09.05"]
[EventType "team-tourn"]
[EventCountry "HUN"]
[WhiteTeam "North Macedonia"]
[BlackTeam "South Africa"]
[WhiteTeamCountry "MKD"]
[BlackTeamCountry "RSA"]
[TimeControl "40/5400+30:1800+30"]

1. e4 c6 2. d4 d5 3. e5 Bf5 4. Nf3 e6 5. Be2 Ne7 6. O-O Bg6 7. Nbd2 Nf5 8. Nb3 Be7 9. a4 Nd7 10. a5 O-O 11. g4 Nh4 12. Nxh4 Bxh4 13. f4 f6 14. Be3 fxe5 15. dxe5 Be7 16. Rf3 c5 17. c3 c4 18. Nd4 Nc5 19. Rh3 Qd7 20. Bf3 Nd3 21. Qd2 b5 22. Qg2 Nxf4 23. Bxf4 Rxf4 24. Qd2 Raf8 25. Rg3 Bh4 26. Rh3 Bg5 27. Qg2 Be4 28. Bxe4 Rxe4 29. Rf3 Be3+ 30. Kh1 Bxd4 31. Rxf8+ Kxf8 32. Rf1+ Kg8 33. cxd4 Qe7 34. Qf3 Rxd4 35. a6 Re4 36. b3 cxb3 37. Qxb3 b4 38. Qa4 Rxg4 39. Qc6 h6 40. Qc8+ Kh7 41. Qb7 Qc5 42. Qf7 Qc2 43. Rf2 Qe4+ {0-} 0-1

[Event "45th FIDE Womens Olympiad 2024"]
[Site "Budapest"]
[Date "2024.09.19"]
[Round "8.161"]
[White "Marape, Naledi"]
[Black "Pipiras, Filipa Fortuna"]
[Result "0-1"]
[ECO "B48"]
[WhiteElo "1926"]
[BlackElo "2187"]
[PlyCount "94"]
[EventDate "2024.09.05"]
[EventType "team-tourn"]
[EventCountry "HUN"]
[WhiteTeam "Botswana"]
[BlackTeam "Portugal"]
[WhiteTeamCountry "BOT"]
[BlackTeamCountry "POR"]
[TimeControl "40/5400+30:1800+30"]

1. e4 c5 2. Nf3 e6 3. d4 cxd4 4. Nxd4 Nc6 5. Nc3 Qc7 6. Be3 a6 7. Qd2 Nf6 8. f3 b5 9. O-O-O Bb7 10. Kb1 Be7 11. g4 O-O 12. h4 Rfd8 13. h5 b4 14. Nce2 d5 15. g5 dxe4 16. gxf6 Bxf6 17. f4 Nxd4 18. Nxd4 Bxd4 19. Bxd4 e3 20. Qh2 Bxh1 21. Qxh1 Qxf4 22. Be2 Qf2 23. Qf3 Qxf3 24. Bxf3 Rac8 25. Bxe3 Rxd1+ 26. Bxd1 e5 27. Bf3 Rd8 28. a3 bxa3 29. bxa3 f5 30. Be2 f4 31. Bc1 Rb8+ 32. Ka2 g5 33. hxg6 hxg6 34. c4 g5 35. Bf3 Kf7 36. c5 Ke6 37. a4 Kf5 38. Be2 Rc8 39. Ba3 a5 40. Ba6 Rc7 41. Bb5 e4 42. c6 Ke5 43. Bb2+ Kd5 44. Bc3 g4 45. Bxa5 Rxc6 46. Kb3 g3 47. Bd2 g2 {0-} 0-1

[Event "45th FIDE Womens Olympiad 2024"]
[Site "Budapest"]
[Date "2024.09.19"]
[Round "8.162"]
[White "Silva, Mariana"]
[Black "Gabatshwarwe Refilwe"]
[Result "0-1"]
[ECO "D36"]
[WhiteElo "2005"]
[BlackElo "1787"]
[PlyCount "158"]
[EventDate "2024.09.05"]
[EventType "team-tourn"]
[EventCountry "HUN"]
[WhiteTeam "Portugal"]
[BlackTeam "Botswana"]
[WhiteTeamCountry "POR"]
[BlackTeamCountry "BOT"]
[TimeControl "40/5400+30:1800+30"]

1. d4 d5 2. c4 e6 3. Nc3 Nf6 4. cxd5 exd5 5. Bg5 Be7 6. e3 O-O 7. Bd3 c6 8. Nge2 Re8 9. O-O Nbd7 10. Qc2 h6 11. Bh4 Ne4 12. Bxe7 Qxe7 13. Rae1 Ndf6 14. f3 Nxc3 15. Nxc3 Qd6 16. Kh1 Bd7 17. Qf2 c5 18. Ne2 c4 19. Bb1 Bc6 20. Ng3 Rad8 21. Nf5 Qf8 22. Qh4 Bd7 23. Nxh6+ gxh6 24. Qxf6 Qg7 25. Qxg7+ Kxg7 26. Rf2 a6 27. Kg1 Bc6 28. Rd2 Re7 29. e4 f6 30. Kf2 Rde8 31. Rde2 b6 32. exd5 Rxe2+ 33. Rxe2 Rxe2+ 34. Kxe2 Bxd5 35. Be4 Bf7 36. Kd2 Kf8 37. Bb7 a5 38. Ba6 c3+ 39. Kxc3 Bxa2 40. b3 Bb1 41. Bb5 Ke7 42. d5 Kd6 43. Kd4 Bc2 44. Kc3 Bg6 45. Kc4 Bc2 46. Bc6 Bd1 47. Kc3 Be2 48. f4 Bf1 49. g3 Kc5 50. Bb7 b5 51. Kb2 Be2 52. Kc3 Bh5 53. Ba6 b4+ 54. Kd3 Bg6+ 55. Kd2 Kxd5 56. Bc4+ Kd4 57. Be6 Be8 58. Kc2 Ke3 59. Bd5 Bg6+ 60. Kd1 Kd3 61. g4 Be4 62. Bc4+ Ke3 63. g5 fxg5 64. fxg5 hxg5 65. Ke1 Bc2 66. Be6 a4 67. bxa4 Bxa4 68. Bf5 Bb5 69. Bc2 Bc4 70. Ba4 Be2 71. Bb3 Kd3 72. Kf2 Kc3 73. Be6 Bc4 74. Bf5 b3 75. Ke3 b2 76. Bb1 Bb3 77. Ke2 Bc2 78. Ba2 Bf5 79. Kf3 Kb4 {0-} 0-1

[Event "45th FIDE Womens Olympiad 2024"]
[Site "Budapest"]
[Date "2024.09.19"]
[Round "8.163"]
[White "Banda Natalie Katlo"]
[Black "Duque, Raquel Dos Santos"]
[Result "0-1"]
[ECO "E16"]
[WhiteElo "1893"]
[BlackElo "1913"]
[PlyCount "86"]
[EventDate "2024.09.05"]
[EventType "team-tourn"]
[EventCountry "HUN"]
[WhiteTeam "Botswana"]
[BlackTeam "Portugal"]
[WhiteTeamCountry "BOT"]
[BlackTeamCountry "POR"]
[TimeControl "40/5400+30:1800+30"]

1. d4 Nf6 2. c4 e6 3. Nf3 Bb4+ 4. Nbd2 O-O 5. Qc2 b6 6. g3 Bb7 7. Bg2 Be7 8. O-O d5 9. Ne5 Nbd7 10. Ndf3 c5 11. Bf4 Rc8 12. Qa4 cxd4 13. Nxd7 Nxd7 14. cxd5 Bxd5 15. Qxd4 Bf6 16. Qd2 Nc5 17. Ne5 g5 18. Bxd5 gxf4 19. Ng4 Bg7 20. Rfd1 Qxd5 21. Qxf4 Qf5 22. Qxf5 exf5 23. Ne3 Bxb2 24. Rab1 Bf6 25. Nxf5 Rfd8 26. Ne3 Ne4 27. Rxd8+ Rxd8 28. Ng4 h5 29. Nxf6+ Nxf6 30. Rb2 Ne4 31. a4 Rd1+ 32. Kg2 Ra1 33. Rb5 Nc5 34. f3 Rxa4 35. h3 Ra3 36. Rb1 Rb3 37. Ra1 a5 38. g4 hxg4 39. hxg4 Rb2 40. Kf2 a4 41. Ke3 b5 42. f4 b4 43. g5 a3 {0-} 0-1

[Event "45th FIDE Womens Olympiad 2024"]
[Site "Budapest"]
[Date "2024.09.19"]
[Round "8.164"]
[White "Avelino, Camila Biscaya"]
[Black "Mosweu, Atlang Amolemo"]
[Result "1-0"]
[ECO "B13"]
[WhiteElo "1843"]
[BlackElo "1797"]
[PlyCount "87"]
[EventDate "2024.09.05"]
[EventType "team-tourn"]
[EventCountry "HUN"]
[WhiteTeam "Portugal"]
[BlackTeam "Botswana"]
[WhiteTeamCountry "POR"]
[BlackTeamCountry "BOT"]
[TimeControl "40/5400+30:1800+30"]

1. e4 c6 2. d4 d5 3. exd5 cxd5 4. Bd3 Nc6 5. c3 Nf6 6. Bf4 e6 7. Nf3 Bd6 8. Bxd6 Qxd6 9. O-O O-O 10. Re1 b6 11. Nbd2 Bb7 12. Ne5 g6 13. Re3 Kg7 14. Qf3 Nd7 15. Nxd7 Qxd7 16. Qf4 Rae8 17. Rh3 f5 18. Nf3 Kg8 19. Bb5 Qg7 20. Re1 Re7 21. Bxc6 Bxc6 22. Ng5 Qf6 23. Nxh7 Rxh7 24. Rxh7 Kxh7 25. Qc7+ Rf7 26. Qxc6 Re7 27. Qd6 Kg8 28. Re3 Qg5 29. f4 Qf6 30. Rh3 Re8 31. Rg3 Kf7 32. Rg5 Qe7 33. Qxe7+ Rxe7 34. h4 Kf6 35. h5 Rg7 36. Kf2 gxh5 37. Rxh5 Rg4 38. Kf3 Kg7 39. Rg5+ Rxg5 40. fxg5 Kg6 41. Kf4 Kh5 42. Ke5 Kxg5 43. Kxe6 Kf4 44. Kxd5 1-0

[Event "45th FIDE Womens Olympiad 2024"]
[Site "Budapest"]
[Date "2024.09.19"]
[Round "8.165"]
[White "Perez Rodriguez, Jennifer"]
[Black "Quevedo, Andreina"]
[Result "1/2-1/2"]
[ECO "E16"]
[WhiteElo "2224"]
[BlackElo "1851"]
[PlyCount "84"]
[EventDate "2024.09.05"]
[EventType "team-tourn"]
[EventCountry "HUN"]
[WhiteTeam "Paraguay"]
[BlackTeam "Uruguay"]
[WhiteTeamCountry "PAR"]
[BlackTeamCountry "URU"]
[TimeControl "40/5400+30:1800+30"]

1. d4 Nf6 2. c4 e6 3. Nf3 d5 4. g3 Bb4+ 5. Bd2 Bxd2+ 6. Nbxd2 O-O 7. Bg2 b6 8. O-O Bb7 9. Rc1 Nbd7 10. b4 dxc4 11. Nxc4 Qe7 12. Qb3 Bd5 13. Qb2 c5 14. dxc5 bxc5 15. b5 Rab8 16. Nfd2 Bxg2 17. Kxg2 a6 18. a4 axb5 19. axb5 Nd5 20. Ne4 f5 21. Nc3 Nxc3 22. Rxc3 e5 23. Rd1 Nf6 24. Rb3 e4 25. b6 f4 26. gxf4 Nh5 27. e3 Qh4 28. Ne5 Rbe8 29. Kf1 Qxh2 30. Rd5 Rxf4 31. exf4 Nxf4 32. Rg3 Qh1+ 33. Rg1 Qh3+ 34. Ke1 Nxd5 35. b7 Nb4 36. Rg3 Qh1+ 37. Ke2 Qh5+ 38. Kf1 Qh1+ 39. Ke2 Qh5+ 40. Kf1 Qh1+ 41. Rg1 Qh3+ 42. Ke2 Qh5+ 1/2-1/2

[Event "45th FIDE Womens Olympiad 2024"]
[Site "Budapest"]
[Date "2024.09.19"]
[Round "8.166"]
[White "Fabra, Nahiara"]
[Black "Montiel Caceres, Helen"]
[Result "0-1"]
[ECO "B22"]
[WhiteElo "1932"]
[BlackElo "1864"]
[PlyCount "76"]
[EventDate "2024.09.05"]
[EventType "team-tourn"]
[EventCountry "HUN"]
[WhiteTeam "Uruguay"]
[BlackTeam "Paraguay"]
[WhiteTeamCountry "URU"]
[BlackTeamCountry "PAR"]
[TimeControl "40/5400+30:1800+30"]

1. e4 c5 2. c3 d5 3. exd5 Qxd5 4. d4 Nf6 5. Nf3 e6 6. Be3 cxd4 7. cxd4 Bb4+ 8. Nc3 O-O 9. Bd3 Nc6 10. O-O Qa5 11. Qe2 Bd7 12. Rfd1 Rac8 13. Ne4 Be7 14. Bg5 Nd5 15. Bxe7 Ncxe7 16. Nfg5 h6 17. Nh3 Nf5 18. Qh5 Qd8 19. Bb1 Bb5 20. Ng3 Nf6 21. Qf3 Nxd4 22. Qe3 Ne2+ 23. Qxe2 Bxe2 24. Bh7+ Kxh7 25. Rxd8 Rfxd8 26. Nxe2 Rd2 27. Kf1 Rxb2 28. Nd4 Rc4 29. Nf3 g5 30. Ne5 Rcc2 31. a3 g4 32. Nd3 Ra2 33. Rb1 gxh3 34. gxh3 Rd2 35. Ne5 Rxf2+ 36. Kg1 Rg2+ 37. Kh1 Rxh2+ 38. Kg1 Rag2+ {0-} 0-1

[Event "45th FIDE Womens Olympiad 2024"]
[Site "Budapest"]
[Date "2024.09.19"]
[Round "8.167"]
[White "Oviedo Acosta, Paula"]
[Black "Silva Rosas, Natalia"]
[Result "1-0"]
[ECO "B00"]
[WhiteElo "1790"]
[BlackElo "1868"]
[PlyCount "65"]
[EventDate "2024.09.05"]
[EventType "team-tourn"]
[EventCountry "HUN"]
[WhiteTeam "Paraguay"]
[BlackTeam "Uruguay"]
[WhiteTeamCountry "PAR"]
[BlackTeamCountry "URU"]
[TimeControl "40/5400+30:1800+30"]

1. e4 b6 2. d4 Bb7 3. Bd3 d6 4. Nf3 Nd7 5. b3 g6 6. Bb2 Bg7 7. Nc3 e6 8. Qe2 a6 9. O-O Ne7 10. Nd1 O-O 11. c4 e5 12. Rc1 Qe8 13. Ne3 c5 14. dxe5 dxe5 15. Nd5 Nxd5 16. cxd5 Qe7 17. a4 Qd6 18. Nd2 Kh8 19. f4 f6 20. f5 g5 21. Rc3 Rfd8 22. Bc1 Qe7 23. Bc4 Bf8 24. h4 Qg7 25. Rg3 Bd6 26. Qh5 Rg8 27. Nf3 b5 28. axb5 axb5 29. Bxb5 Ba6 30. Bxa6 Rxa6 31. hxg5 Ra1 32. g6 Bf8 33. Rh3 1-0

[Event "45th FIDE Womens Olympiad 2024"]
[Site "Budapest"]
[Date "2024.09.19"]
[Round "8.168"]
[White "Cardozo, Camila"]
[Black "Mayeregger Gonzalez, Fiorella Allegra"]
[Result "1/2-1/2"]
[ECO "B13"]
[WhiteElo "1673"]
[BlackElo "1796"]
[PlyCount "147"]
[EventDate "2024.09.05"]
[EventType "team-tourn"]
[EventCountry "HUN"]
[WhiteTeam "Uruguay"]
[BlackTeam "Paraguay"]
[WhiteTeamCountry "URU"]
[BlackTeamCountry "PAR"]
[TimeControl "40/5400+30:1800+30"]

1. d4 d5 2. Bf4 c5 3. e3 cxd4 4. exd4 f6 5. Bb5+ Nc6 6. Nc3 e6 7. Nf3 Nge7 8. O-O g6 9. Re1 Bg7 10. Ne2 O-O 11. Ng3 a6 12. Bf1 Qb6 13. Rb1 e5 14. dxe5 fxe5 15. Be3 Qd8 16. c3 Nf5 17. Bg5 Qd6 18. Qb3 Nxg3 19. hxg3 Be6 20. Rbd1 Kh8 21. Qb6 Qd7 22. Be3 Bg4 23. Be2 Rf6 24. Qc5 Rd6 25. Ng5 Bxe2 26. Rxe2 Rf8 27. Ne4 dxe4 28. Qxd6 Qg4 29. Red2 h5 30. Qc7 h4 31. gxh4 Qxh4 32. Qd7 Ne7 33. Qh3 Qxh3 34. gxh3 Nf5 35. Rd8 b5 36. Rxf8+ Bxf8 37. Rd8 Kg7 38. Ba7 Be7 39. Rd5 Bf6 40. Rd7+ Kh6 41. Be3+ Bg5 42. Bxg5+ Kxg5 43. Kf1 Kf4 44. Ke2 e3 45. fxe3+ Nxe3 46. Rd6 g5 47. Rxa6 Ng2 48. Kf2 Nh4 49. a4 bxa4 50. Rxa4+ e4 51. Rc4 Ng6 52. Rc8 Ke5 53. Ke3 Nf4 54. Rc5+ Kf6 55. Kxe4 Nxh3 56. b4 g4 57. Rc8 Ke6 58. Rg8 Nf2+ 59. Kf4 Kd5 60. Rxg4 Nd1 61. Rg5+ Kc4 62. Rc5+ Kb3 63. b5 Nb2 64. b6 Nd3+ 65. Ke4 Nxc5+ 66. Kd5 Na6 67. c4 Kb4 68. b7 Nb8 69. c5 Kb5 70. Kd6 Nc6 71. Kd5 Nb8 72. Kd6 Nc6 73. Kc7 Kxc5 74. b8=Q 1/2-1/2

[Event "45th FIDE Womens Olympiad 2024"]
[Site "Budapest"]
[Date "2024.09.19"]
[Round "8.169"]
[White "Zhang, Jasmine Haomo"]
[Black "Johnson, Gabriella"]
[Result "1-0"]
[ECO "D02"]
[WhiteElo "1956"]
[BlackElo "1896"]
[PlyCount "113"]
[EventDate "2024.09.05"]
[EventType "team-tourn"]
[EventCountry "HUN"]
[WhiteTeam "New Zealand"]
[BlackTeam "Trinidad & Tobago"]
[WhiteTeamCountry "NZL"]
[TimeControl "40/5400+30:1800+30"]

1. d4 d5 2. Bf4 c5 3. e3 Nc6 4. Nf3 Nf6 5. Nbd2 Bg4 6. c3 e6 7. Qa4 Bxf3 8. Nxf3 a6 9. Ne5 Qc8 10. Bd3 c4 11. Be2 b5 12. Qc2 Be7 13. g4 h6 14. h4 Nxe5 15. Bxe5 Qd7 16. Bf3 Bd6 17. g5 Bxe5 18. dxe5 hxg5 19. exf6 gxf6 20. O-O-O gxh4 21. Rd4 f5 22. Rdxh4 Rxh4 23. Rxh4 O-O-O 24. Qd2 Rg8 25. Rh1 Kb7 26. Qd4 Qe7 27. Kc2 b4 28. Qxc4 Rc8 29. Qd4 bxc3 30. bxc3 Qa3 31. Rb1+ Kc7 32. Rb2 a5 33. Qb6+ Kd7 34. Qb3 Qd6 35. Qa4+ Ke7 36. Qh4+ Kd7 37. Qa4+ Ke7 38. Qh4+ Kd7 39. Qf6 Rf8 40. Rb7+ Kc6 41. Rxf7 Re8 42. Qd4 Re7 43. Rxe7 Qxe7 44. Qa4+ Kb6 45. Be2 Qc5 46. Qd4 a4 47. Qxc5+ Kxc5 48. f4 Kd6 49. Bb5 e5 50. Bxa4 d4 51. fxe5+ Kxe5 52. exd4+ Ke4 53. Bb5 Ke3 54. a4 f4 55. a5 f3 56. a6 f2 57. a7 1-0

[Event "45th FIDE Womens Olympiad 2024"]
[Site "Budapest"]
[Date "2024.09.19"]
[Round "8.170"]
[White "Hermoso Rodriguez, Ysvett"]
[Black "Ning, Isabelle Yixuan"]
[Result "0-1"]
[ECO "B22"]
[WhiteElo "1943"]
[BlackElo "1915"]
[PlyCount "62"]
[EventDate "2024.09.05"]
[EventType "team-tourn"]
[EventCountry "HUN"]
[WhiteTeam "Trinidad & Tobago"]
[BlackTeam "New Zealand"]
[BlackTeamCountry "NZL"]
[TimeControl "40/5400+30:1800+30"]

1. e4 c5 2. c3 Nf6 3. e5 Nd5 4. d4 cxd4 5. cxd4 Nc6 6. Nf3 d6 7. Bc4 dxe5 8. dxe5 Ndb4 9. Qb3 e6 10. O-O Be7 11. Rd1 Qc7 12. a3 Na6 13. Nc3 O-O 14. Nb5 Qb6 15. Qc2 Rd8 16. Be3 Bc5 17. Bg5 Be7 18. Bf4 Bd7 19. Qe2 Na5 20. Nd6 Nxc4 21. Nxc4 Bb5 22. Be3 Qc7 23. Rxd8+ Rxd8 24. Rc1 Rc8 25. b3 Bxa3 26. Ra1 Bc5 27. Bf4 Bb6 28. Ng5 h6 29. Ne4 Bxc4 30. Qg4 Bd3 31. Rc1 Qxc1+ {0-} 0-1

[Event "45th FIDE Womens Olympiad 2024"]
[Site "Budapest"]
[Date "2024.09.19"]
[Round "8.171"]
[White "Chang, Yolanda"]
[Black "La Fleur, Zara"]
[Result "1-0"]
[ECO "C56"]
[WhiteElo "1908"]
[BlackElo "1773"]
[PlyCount "83"]
[EventDate "2024.09.05"]
[EventType "team-tourn"]
[EventCountry "HUN"]
[WhiteTeam "New Zealand"]
[BlackTeam "Trinidad & Tobago"]
[WhiteTeamCountry "NZL"]
[TimeControl "40/5400+30:1800+30"]

1. e4 e5 2. Nf3 Nc6 3. d4 exd4 4. Bc4 Nf6 5. e5 d5 6. Bb5 Ne4 7. Nxd4 Bd7 8. Bxc6 bxc6 9. O-O Bc5 10. f3 Ng5 11. Be3 Bb6 12. f4 Ne4 13. c3 O-O 14. Nd2 f5 15. Nxe4 fxe4 16. a4 a6 17. Qe1 Qe7 18. Qf2 Rab8 19. a5 Bxd4 20. Bxd4 Qe6 21. Bc5 Rf7 22. b4 Re8 23. h3 Qg6 24. Qe3 Rf5 25. Kh2 Rh5 26. Rh1 Re6 27. Bd4 Qf5 28. Kg1 Rg6 29. Kf2 Rh4 30. g4 Qf7 31. Qg3 Rgh6 32. Kg2 e3 33. Bxe3 d4 34. Bxd4 Qd5+ 35. Kf2 Bxg4 36. Rhg1 Qe4 37. Ra2 Rxh3 38. Qxg4 Rh2+ 39. Rg2 Rg6 40. Qc8+ Kf7 41. Qd7+ Kf8 42. Bc5+ 1-0

[Event "45th FIDE Womens Olympiad 2024"]
[Site "Budapest"]
[Date "2024.09.19"]
[Round "8.172"]
[White "James, Shemilah"]
[Black "Braganza, Nadia"]
[Result "0-1"]
[ECO "B34"]
[WhiteElo "1774"]
[BlackElo "1892"]
[PlyCount "104"]
[EventDate "2024.09.05"]
[EventType "team-tourn"]
[EventCountry "HUN"]
[WhiteTeam "Trinidad & Tobago"]
[BlackTeam "New Zealand"]
[BlackTeamCountry "NZL"]
[TimeControl "40/5400+30:1800+30"]

1. e4 c5 2. Nf3 Nc6 3. d4 cxd4 4. Nxd4 g6 5. Nxc6 bxc6 6. Qd4 Nf6 7. e5 Nd5 8. e6 f6 9. exd7+ Bxd7 10. Be2 e5 11. Qa4 Bg7 12. O-O O-O 13. c4 Nb6 14. Qa5 f5 15. Be3 f4 16. Bc5 f3 17. Bd3 Qg5 18. g3 Qh5 19. Re1 e4 20. Bxb6 axb6 21. Qxh5 gxh5 22. Bxe4 Bxb2 23. Nd2 Bxa1 24. Rxa1 Ra3 25. Nb3 Rfa8 26. Rd1 Rxa2 27. Bxh7+ Kxh7 28. Rxd7+ Kg8 29. h3 c5 30. Rd3 R8a4 31. Rxf3 Rxc4 32. Kg2 Rcc2 33. g4 hxg4 34. hxg4 Kg7 35. Kg3 Kg6 36. Rd3 Ra3 37. f3 Kg7 38. Nxc5 Rxd3 39. Nxd3 b5 40. Kf4 Rc4+ 41. Ke3 b4 42. f4 b3 43. Kd2 Kf6 44. g5+ Kf5 45. g6 Rc2+ 46. Kd1 Kxg6 47. Ne5+ Kf5 48. Nd3 Ke4 49. Nc1 Rc3 50. Ne2 Re3 51. f5 Rxe2 52. Kxe2 b2 {0-} 0-1